 Dungeon Crawl Stone Soup version 0.16.1-51-g6203257 (webtiles) character file.

8031 kae the Fencer (level 11, -5/72 HPs)
             Began as a Demonspawn Gladiator on Aug 1, 2015.
             Was a High Priest of Okawaru.
             Slain by a komodo dragon (18 damage)
             ... on level 1 of the Lair of Beasts.
             The game lasted 00:24:02 (14002 turns).

kae the Fencer (Demonspawn Gladiator)              Turns: 14002, Time: 00:24:02

Health: -5/72      AC:  9    Str: 20      XL:     11   Next: 4%
Magic:  11/11      EV: 12    Int:  9      God:    Okawaru [*****.]
Gold:   318        SH:  0    Dex: 13 (17) Spells: 0 memorised, 10 levels left

rFire  + . .     SeeInvis .     a - +3 great sword
rCold  x . .     Clarity  +     E - +0 leather armour
rNeg   . . .     SustAb   +     (no shield)
rPois  .         Gourm    .     (helmet restricted)
rElec  .         Spirit   .     (no cloak)
rCorr  .         Warding  .     n - +1 pair of gloves
rMut   .         Stasis   .     I - +0 pair of boots
MR     +....                    g - amulet of clarity
Stlth  +.........               H - ring of Hard Scrabble {Fire +Fly MR+ Dex+4}
                                w - ring of sustain abilities

@: somewhat resistant to hostile enchantments, very unstealthy
A: antennae 2, slimy green scales 2, demonic guardian 1, spiny 2, wild magic 1
a: Heroism, Finesse, Renounce Religion, Evoke Flight


You were on level 1 of the Lair of Beasts.
You worshipped Okawaru.
Okawaru was extremely pleased with you.
You were hungry.

You visited 3 branches of the dungeon, and saw 11 of its levels.
You also visited: Sewer.

You collected 506 gold pieces.
You spent 188 gold pieces at shops.

Inventory:

Hand weapons
 a - a +3 great sword (weapon)
 b - a +1 scimitar of freezing
 O - a +1 long sword
Armour
 c - a +0 helmet
 n - a +1 pair of gloves (worn)
 E - a +0 leather armour (worn)
 I - a +0 pair of boots (worn)
Jewellery
 g - an amulet of clarity (around neck)
 s - an uncursed ring of see invisible
 w - a ring of sustain abilities (left hand)
 B - a +2 ring of strength
 F - an uncursed ring of teleport control
 H - the ring of Hard Scrabble (right hand) {Fire +Fly MR+ Dex+4}
   (You found it on level 7 of the Dungeon)

   [ring of fire]

   It enhances your fire magic, and weakens your ice magic.
   It affects your dexterity (+4).
   It protects you from fire.
   It makes you vulnerable to cold.
   It affects your resistance to hostile enchantments.
   It lets you fly.
 L - an uncursed ring of positive energy
 M - a +3 ring of strength
 N - an uncursed ring of magical power
Magical devices
 j - a wand of disintegration (10)
 r - a wand of invisibility (3)
 y - a wand of magic darts (35)
 J - a wand of confusion (36)
 S - a wand of disintegration (18)
Scrolls
 h - 2 scrolls of enchant weapon
 k - 5 scrolls of amnesia
 o - 3 scrolls of immolation
 p - 3 scrolls of fog
 x - 10 scrolls of identify
 A - 4 scrolls of remove curse
 G - a scroll of recharging
 P - a scroll of teleportation
Potions
 m - 3 potions of haste
 u - 4 potions of poison
 Q - 2 potions of mutation
Comestibles
 d - 3 chunks of flesh
 f - 6 bread rations
 l - 5 beef jerkies
 q - 3 meat rations
 z - 2 royal jellies
 K - 3 fruits


   Skills:
 - Level 2.0 Fighting
 + Level 15.1 Long Blades
 - Level 1.7 Throwing
 - Level 2.6 Dodging


You had 10 spell levels left.
You didn't know any spells.

Dungeon Overview and Level Annotations

Branches:
Dungeon (9/15)             Temple (1/1) D:5            Lair (1/8) D:9
    Orc: D:9-12

Altars:
Ashenzari
Cheibriados
Dithmenos
Elyvilon
Fedhas
Gozag
Kikubaaqudgha
Makhleb
Nemelex Xobeh
Okawaru
Qazlal
Ru
Sif Muna
Trog
Vehumet
Xom
Yredelemnul
Zin
The Shining One

Shops:
D:5 *   D:6 (}   D:7 =   D:9 !


Innate Abilities, Weirdness & Mutations

You have a pair of antennae on your head.
You are mostly covered in slimy green scales (AC +3).
A weak demonic guardian rushes to your aid.
You are mostly covered in sharp spines.
Your spells are a little harder to cast, but a little more powerful.


Message History

The iguana looks frightened!
Your crimson imp closely misses the komodo dragon.
The komodo dragon barely misses your crimson imp.
Your crimson imp hits the komodo dragon but does no damage.
Your crimson imp's attack snaps the komodo dragon out of its fear.
The komodo dragon bites you.
* * * LOW HITPOINT WARNING * * *
You see here a black mamba corpse.
Your magical contamination has completely faded away.
Drink which item? (? for menu, Esc to quit)
Okay, then.
Read which item? (? for menu, Esc to quit)
Okay, then.
Unknown command.
Drink which item? (? for menu, Esc to quit)
Okay, then.
Unknown command.
Drink which item? (? for menu, Esc to quit)
You feel better. The komodo dragon bites you!!
You die...

#.##.##.##># #####
#.##.#..P#.## ......
#............. .
..### ###.#.##...#.
..# ###.##.#.## ..#
#.##.#..# ...
#......########.# .
#...............#
...
###.........@l#.#..#
##.########†5...##
#..########......#
##.P#....l.....#....
#.....####......##
###. ##....## ##
#####


You could see a komodo dragon and a friendly crimson imp.

Vanquished Creatures
  A black mamba (Lair:1)
  3 spiny frogs (Lair:1)
  A komodo dragon (Lair:1)
  A two-headed ogre (D:9)
  A deep elf mage (D:9)
  5 yaks
  3 hippogriffs
  A hungry ghost (D:7)
  2 water moccasins
  2 porcupines (Lair:1)
  2 orc warriors
  An ice beast (D:6)
  A black bear (D:8)
  4 centaurs
  4 ogres
  A phantom (D:4)
  A crocodile (Lair:1)
  Sigmund (D:5)
  5 giant frogs
  2 big kobolds
  A water moccasin zombie (D:8)
  5 scorpions
  16 wights
  3 goliath beetles
  A quasit (D:8)
  2 crimson imps (D:6)
  A wasp zombie (D:8)
  3 jellies
  2 giant frog zombies
  2 giant frog skeletons
  2 centaur skeletons (D:7)
  2 hounds
  14 orc wizards
  5 iguanas
  6 orc priests
  7 worker ants
  A gnoll (D:4)
  14 adders
  2 shadow imps
  4 worms
  3 giant mites
  An adder skeleton (D:5)
  An adder zombie (D:8)
  12 giant geckos
  An ooze (D:1)
  37 orcs
  5 ball pythons
  15 bats
  14 hobgoblins
  11 jackals
  25 kobolds
  9 giant cockroaches
  8 giant newts
  19 goblins
  A jackal skeleton (D:4)
  3 quokkas
  A quokka skeleton (D:4)
  17 rats
318 creatures vanquished.

Vanquished Creatures (collateral kills)
  A yak (D:9)
  A sky beast (D:7)
  An orc warrior (D:8)
  A scorpion (D:7)
  A wight (D:6)
  A goblin (D:6)
  A kobold (D:7)
  A quokka skeleton (D:7)
  A rat (D:7)
9 creatures vanquished.

Vanquished Creatures (others)
  7 crimson imps
  13 quasits
  8 iron imps
  8 white imps
  7 ufetubi
  4 fungi (Lair:1)
47 creatures vanquished.

Grand Total: 374 creatures vanquished

Notes
Turn   | Place    | Note
--------------------------------------------------------------
     0 | D:1      | kae, the Demonspawn Gladiator, began the quest for the Orb.
     0 | D:1      | Reached XP level 1. HP: 16/16 MP: 1/1
    26 | D:1      | Reached skill level 3 in Long Blades
   204 | D:1      | Gained mutation: You are partially covered in slimy green scales (AC +2). [demonic ancestry]
   204 | D:1      | Reached XP level 2. HP: 13/22 MP: 2/2
  1006 | D:2      | Gained mutation: You are partially covered in sharp spines. [demonic ancestry]
  1006 | D:2      | Reached XP level 3. HP: 27/27 MP: 3/3
  1123 | D:2      | Reached skill level 4 in Long Blades
  1719 | D:2      | Reached XP level 4. HP: 14/33 MP: 4/4
  2018 | D:3      | Found a glowing drain.
  2077 | Sewer    | Entered a sewer
  2212 | Sewer    | Reached skill level 5 in Long Blades
  2942 | D:3      | Reached XP level 5. HP: 36/38 MP: 5/5
  3319 | D:3      | Reached skill level 6 in Long Blades
  3536 | D:3      | Reached XP level 6. HP: 32/44 MP: 6/6
  3729 | D:3      | Found a sparkling altar of Nemelex Xobeh.
  4388 | D:4      | Found a shimmering altar of Xom.
  4709 | D:4      | Reached skill level 7 in Long Blades
  5161 | D:5      | Entered Level 5 of the Dungeon
  5254 | D:5      | Gained mutation: You are mostly covered in sharp spines. [demonic ancestry]
  5254 | D:5      | Reached XP level 7. HP: 23/50 MP: 7/7
  5409 | D:5      | Noticed Sigmund
  5436 | D:5      | Killed Sigmund
  5669 | D:5      | Reached skill level 8 in Long Blades
  5716 | D:5      | Found Qitu Chi's Assorted Antiques.
  5731 | D:5      | Bought a scroll labeled HYIVUA ZALIN for 26 gold pieces
  5731 | D:5      | Bought a scroll labeled MOYDEO HIYKEOF for 26 gold pieces
  6233 | D:5      | Found a deep blue altar of Sif Muna.
  6274 | D:5      | Found a staircase to the Ecumenical Temple.
  6283 | Temple   | Entered the Ecumenical Temple
  6294 | Temple   | Became a worshipper of Warmaster Okawaru
  6982 | D:6      | Reached skill level 9 in Long Blades
  6982 | D:6      | Gained mutation: A weak demonic guardian rushes to your aid. [demonic ancestry]
  6982 | D:6      | Reached XP level 8. HP: 56/56 MP: 8/8
  7159 | D:6      | Found Qusyollorgh's Weapon Emporium.
  7190 | D:6      | Acquired Okawaru's first power
  7543 | D:6      | Reached skill level 10 in Long Blades
  7774 | D:6      | Found Solizuk's Quality Used Wands.
  8605 | D:7      | Reached skill level 11 in Long Blades
  8607 | D:7      | Gained mutation: You are mostly covered in slimy green scales (AC +3). [demonic ancestry]
  8607 | D:7      | Reached XP level 9. HP: 61/61 MP: 9/9
  8920 | D:7      | Found Alaip's Jewellery Shop.
  9416 | D:7      | Got a brightly glowing steel ring
  9418 | D:7      | Identified the ring of Hard Scrabble {Fire +Fly MR+ Dex+4} (You found it on level 7 of the Dungeon)
  9915 | D:8      | Reached skill level 12 in Long Blades
 10998 | D:8      | Found a glowing silver altar of Zin.
 11011 | D:8      | Reached skill level 13 in Long Blades
 11225 | D:8      | Gained mutation: You have a pair of small antennae on your head. [demonic ancestry]
 11225 | D:8      | Reached XP level 10. HP: 18/67 MP: 10/10
 12298 | D:9      | Found Guxzaic's Distillery.
 12305 | D:9      | Bought 2 potions of mutation for 85 gold pieces
 12305 | D:9      | Bought a potion of curing for 51 gold pieces
 12510 | D:9      | Found a staircase to the Lair.
 13085 | D:9      | Found a bloodstained altar of Trog.
 13092 | D:9      | Found a sacrificial altar of Ru.
 13170 | D:9      | Reached skill level 14 in Long Blades
 13233 | Lair:1   | Entered Level 1 of the Lair of Beasts
 13564 | Lair:1   | Acquired Okawaru's second power
 13928 | Lair:1   | Gained mutation: Your spells are a little harder to cast, but a little more powerful. [potion of beneficial mutation]
 13954 | Lair:1   | Reached skill level 15 in Long Blades
 13954 | Lair:1   | Gained mutation: You have a pair of antennae on your head. [demonic ancestry]
 13954 | Lair:1   | Reached XP level 11. HP: 59/72 MP: 11/11
 13986 | Lair:1   | Noticed a black mamba
 13995 | Lair:1   | Killed a black mamba
 13997 | Lair:1   | HP: 1/72 [komodo dragon (5)]
 14002 | Lair:1   | Slain by a komodo dragon

Action                   |  1- 3 |  4- 6 |  7- 9 | 10-12 || total
-------------------------+-------+-------+-------+-------++-------
Melee: Long sword        |   152 |   297 |   157 |       ||   606
       Scimitar          |       |       |   316 |    69 ||   385
       Great sword       |       |       |       |   144 ||   144
Throw: Throwing net      |       |     1 |     3 |     2 ||     6
Invok: Heroism           |       |       |       |     3 ||     3
Evoke: Wand              |       |       |     1 |       ||     1
  Use: Scroll            |       |    10 |     6 |     2 ||    18
       Potion            |       |     2 |     4 |     8 ||    14
 Stab: Sleeping          |       |     1 |     1 |     2 ||     4
       Held in net/web   |       |       |     5 |       ||     5
       Distracted        |       |       |     2 |     1 ||     3
  Eat: Chunk             |     3 |    11 |    18 |    10 ||    42
       Fruit             |       |       |     1 |       ||     1
